 Dungeon Crawl Stone Soup version 0.30.1-4-g462c640d31 (webtiles) character file.

Game seed: 17687945455197230622

56990 arthad the Protected (level 14, -8/82 (92) HPs)
             Began as a Gargoyle Fighter on Aug 19, 2023.
             Was a High Priest of Okawaru.
             Engulfed by a revenant's spectral mist (15 damage)
             ... on level 2 of the Abyss on Aug 20, 2023.
             The game lasted 00:44:44 (13877 turns).

arthad the Protected (Gargoyle Fighter)            Turns: 13877, Time: 00:44:45

HP:   -8/82 (92)    AC: 29    Str: 23 (24) XL:     14   Next: 84%
MP:   21/21         EV: 12    Int:  8      God:    Okawaru [*****.]
Gold: 953           SH: 12    Dex: 13      Spells: 13/13 levels left

rFire   + . .        c - +2 flail (heavy)
rCold   + . .        U - +0 kite shield
rNeg    + . .        j - +3 scale mail
rPois   ∞            N - +2 hat
rElec   +            d - +0 cloak
rCorr   .            O - +0 pair of gloves
SInv    .            l - +0 pair of boots
Will    ++...        f - amulet of regeneration Stlth
                     F - ring of Traps {rF+ Will+}
HPRegen 1.13/turn    (no ring)
MPRegen 0.17/turn

%: no passive effects
@: about to teleport, flying, slowed, heavily drained, very slow
A: sickness immunity, AC +10, big wings, negative energy resistance 1,
electricity resistance, torment resistance 1, petrification resistance, horns 1,
agile 1, cold resistance 1
a: Renounce Religion, Heroism, Finesse, Duel


You were on level 2 of the Abyss.
You worshipped Okawaru.
Okawaru was extremely pleased with you.
You visited 2 branches of the dungeon, and saw 16 of its levels.
You visited the Abyss 1 time.
You also visited: Sewer.

You collected 1189 gold pieces.
You spent 236 gold pieces at shops.

Inventory:

Hand Weapons
 c - a +2 heavy flail (weapon)
 w - a +3 mace of draining
 y - a +1 flail of draining
 K - a +0 morningstar
 T - a +3 war axe
 Y - a +4 scimitar of flaming
Missiles
 a - a silver javelin
 q - 10 boomerangs
 r - 3 atropa-tipped darts
 s - 19 poisoned darts
 D - 5 curare-tipped darts
 R - 6 javelins (quivered)
Armour
 b - the +0 cloak "Udaot" {-Tele Harm rPois Regen+}
   (Okawaru gifted it to you on level 2 of the Abyss)

   rPois:     It protects you from poison.
   -Tele:     It prevents most forms of teleportation.
   Regen:     It increases your rate of health regeneration.
   Harm:      It increases damage dealt and taken.
 d - a +0 cloak (worn)
 j - a +3 scale mail (worn)
 l - a +0 pair of boots (worn)
 N - a +2 hat (worn)
 O - a +0 pair of gloves (worn)
 Q - +0 fire dragon scales
 S - a +10 plate armour of ponderousness
 U - a +0 kite shield (worn)
Jewellery
 f - an amulet of regeneration (around neck)
 F - the ring of Traps (left hand) {rF+ Will+}
   (You bought it in a shop on level 7 of the Dungeon)

   [ring of willpower]

   rF:        It protects you from fire.
   Will:      It increases your willpower.
Wands
 C - a wand of paralysis (19)
 I - a wand of acid (3)
 L - a wand of roots (15)
 P - a wand of flame (27)
 W - a wand of digging (14)
Scrolls
 g - a scroll of teleportation
 i - 5 scrolls of fog
 p - a scroll of fear
 t - a scroll of enchant armour
 v - a scroll of immolation
 x - 5 scrolls of magic mapping
 z - 2 scrolls of poison
 B - 2 scrolls of butterflies
 G - a scroll of amnesia
 J - a scroll of enchant weapon
 M - a scroll of blinking
 V - 2 scrolls of identify
 X - 2 scrolls of silence
 Z - a scroll of torment
Potions
 e - 3 potions of haste
 h - a potion of magic
 k - 2 potions of flight
 m - 3 potions of lignification
 n - 2 potions of mutation
 o - 3 potions of brilliance
 H - 3 potions of cancellation


   Skills:
 * Level 12.1 Fighting
 * Level 10.9 Maces & Flails
 + Level 6.5 Throwing
 * Level 12.4 Armour
 + Level 5.8 Dodging
 * Level 12.1 Shields
 * Level 10.1 Invocations
 - Level 2.6 Evocations


You had 13 spell levels left.
You didn't know any spells.
Your spell library contained the following spells:

 Spells                   Type           Power      Damage    Failure   Level
 Apportation              Tloc           0%         N/A       82%         1
 Necrotise                Necr           0%         1d4       82%         1
 Dazzling Flash           Conj/Hex       0%         N/A       99%         3
 Hailstorm                Conj/Ice       0%         3d3       99%         3
 Volatile Blastmotes      Fire/Tloc      0%         2d10      99%         3
 Cause Fear               Hex            0%         N/A       100%        4
 Ice Form                 Ice/Tmut       0%         N/A       100%        4
 Iskenderun's Mystic Bla  Conj/Tloc      0%         2d3       100%        4
 Agony                    Necr           0%         N/A       100%        5
 Borgnjor's Vile Clutch   Necr/Erth      0%         N/A       100%        5
 Silence                  Hex/Air        0%         N/A       100%        5
 Starburst                Conj/Fire      0%         6d3       100%        6
 Dragon Form              Tmut           0%         N/A       100%        7
 Summon Small Mammal      Summ           Unusable   N/A       N/A         1
 Animate Dead             Necr           Unusable   N/A       N/A         4
 Death Channel            Necr           Unusable   N/A       N/A         6
 Simulacrum               Ice/Necr       Unusable   N/A       N/A         6
 Dragon's Call            Summ           Unusable   N/A       N/A         9

Dungeon Overview and Level Annotations

Branches:
Dungeon (15/15)            Temple (1/1) D:6            Lair (0/5) D:9
    Orc (0/2) D:12         Vaults (0/5) D:14          Sewer (visited)
 Depths: D:15

Altars:
Ashenzari
Cheibriados
Dithmenos
Elyvilon
Fedhas
Gozag
Hepliaklqana
Kikubaaqudgha
Makhleb
Nemelex Xobeh
Okawaru
Qazlal
Ru
Sif Muna
Trog
Uskayaw
Vehumet
Wu Jian
Xom
Yredelemnul
Zin
The Shining One

Shops:
D:3 *   D:7 *   D:10 [

Annotations:
D:3 2 transporters
D:14 3 runed translucent doors, arthad's ghost, journeyman DsGl


Innate Abilities, Weirdness & Mutations

You are immune to sickness and miasma.
Your stone body is resilient. (AC +10)
You are immune to poison.
Your large and strong wings let you fly.
You resist negative energy. (rN+)
You are resistant to electric shocks. (rElec)
You are resistant to unholy torment.
You are immune to petrification.
You have a pair of small horns on your head.
You are agile. (Dex +4, Str/Int -1)
Your flesh is cold resistant. (rC+)


Message History

The revenant conjures spectral mists around you.
The spectral mist engulfs you but does no damage.
The spectral naga warrior barely misses you.
You block the spectral naga warrior's attack.
You block the eidolon's attack.
The eidolon hits you but does no damage.
Blink to where?
Press: ? - help, Dir - move target
As you read the scroll of blinking, it crumbles to dust.
The revenant lashes out with ghostly flames.
The ghostly flame explodes!
The ghostly fireball engulfs you! You partially resist.
You feel drained.
* * * LOW HITPOINT WARNING * * *
You hear a bellow!
Unknown command.
A small abomination comes into view.
As you read the scroll of teleportation, it crumbles to dust.
You feel strangely unstable.
You feel the power of the Abyss delaying your translocation!
You block the small abomination's attack.
The small abomination attacks as you move away!
The small abomination closely misses you.
Okay, then.
Unknown command.
The revenant lashes out with ghostly flames.
The ghostly flame explodes!
The ghostly fireball engulfs you! You partially resist.
You feel drained.
* * * LOW HITPOINT WARNING * * *
The ghostly fireball engulfs the revenant.
The revenant completely resists.
Really quaff the potion of mutation?
You feel extremely strange.
You no longer feel vulnerable to cold.
You feel stable. A pair of horns grows on your head!
You feel agile.
You feel resistant to cold.
The revenant conjures spectral mists around you.
The spectral mist engulfs you but does no damage.
You bludgeon the revenant!!
The revenant is moderately damaged.
You are engulfed in spectral mist.
You die...

# .. ... #
#.. #. #.#
.# #.# .#
##z##.#
####.#x#.
#§§z###..#
####@#. ##
####.z. # .
# # .#.#
#.###.
#..#....
... . .W°#
..# #.#.○
#.#.#. ..
#..○☼##○#..
.#. .. #☼§#
.#.. ....#
##... .##


You could see a revenant.

Vanquished Creatures
  Rupert (D:14)
  A tentacled starspawn (Abyss:2)
  A fire dragon (D:15)
  A centaur warrior (D:15)
  8 vault guards (D:14)
  3 boulder beetles
  3 two-headed ogres
  A tengu warrior (D:13)
  Urug (D:11)
  Sonja (D:10)
  5 skeletal warriors (D:13)
  A necromancer (D:15)
  A wizard (D:15)
  A lindwurm (shapeshifter) (D:14)
  A shining eye (Abyss:2)
  A starcursed mass (Arena)
  A deep elf pyromancer (D:14)
  2 orc sorcerers
  5 cyclopes
  11 ugly things
  A salamander (shapeshifter) (D:15)
  3 gargoyles
  A centaur skeleton (D:15)
  2 unseen horrors
  3 yaktaurs (D:15)
  3 efreet (D:15)
  2 trolls
  2 meliai
  A raiju (Abyss:2)
  Sigmund (D:4)
  9 slime creatures
  3 shadows
  6 yaks (D:12)
  A large abomination (Abyss:2)
  2 water elementals
  5 wraiths
  A basilisk (D:15)
  A steam dragon (D:7)
  7 vampire mosquitoes
  A wyvern (D:9)
  A small abomination (Abyss:2)
  A harpy simulacrum (D:15)
  An acid dragon (D:13)
  A water moccasin (D:5)
  9 orc warriors
  3 ice beasts
  A black bear (D:4)
  An ogre (D:6)
  15 centaurs
  A phantom (D:5)
  2 kobold brigands
  2 gnoll sergeants
  8 bullfrogs
  4 scorpions
  5 wights (D:8)
  12 killer bees
  4 howler monkeys
  6 electric eels
  2 crimson imps
  A lava snake (D:7)
  3 hounds
  A gnoll bouda (D:7)
  9 orc priests
  3 jellies
  2 sleepcaps
  3 iguanas
  6 orc wizards
  11 gnolls
  9 adders
  4 white imps
  An ufetubus (D:4)
  3 worms
  48 orcs
  8 endoplasms
  13 giant cockroaches
  9 goblins
  4 hobgoblins
  6 jackals
  13 kobolds
  10 quokkas
  13 ball pythons
  6 bats
  11 frilled lizards
  10 rats
  2 starspawn tentacles (Abyss:2)
393 creatures vanquished.

Vanquished Creatures (others)
  A meliai (D:15)
  An orc wizard (D:10)
  An orc (D:12)
  4 starspawn tentacles (Abyss:2)
7 creatures vanquished.

Grand Total: 400 creatures vanquished

Notes
Turn   | Place    | Note
-------+----------+-------------------------------------------
     0 | D:1      | arthad the Gargoyle Fighter began the quest for the Orb.
     0 | D:1      | Reached XP level 1. HP: 14/14 MP: 1/1
   149 | D:1      | Reached XP level 2. HP: 19/19 MP: 2/2
   779 | D:2      | Reached XP level 3. HP: 23/23 MP: 3/3
  1192 | D:2      | Reached XP level 4. HP: 29/29 MP: 4/4
  1703 | D:3      | Found an ornate altar of the Wu Jian Council.
  1730 | D:3      | Found Qofoet's Assorted Antiques.
  1739 | D:3      | Bought a black potion for 18 gold pieces
  1739 | D:3      | Bought a scroll labelled SAINUO DIRPHE for 20 gold pieces
  1739 | D:3      | Bought a scroll labelled KOLLIA BIR JAF for 20 gold pieces
  1771 | D:3      | Found a transporter.
  1803 | D:3      | Found a burning altar of Makhleb.
  1804 | D:3      | Noticed a green death
  1921 | D:3      | Found a transporter.
  2178 | D:3      | Reached XP level 5. HP: 33/33 MP: 5/5
  2382 | D:4      | Found a bloodstained altar of Trog.
  2409 | D:4      | Found a glowing silver altar of Zin.
  2419 | D:4      | Noticed Sigmund
  2477 | D:4      | Killed Sigmund
  2478 | D:4      | Reached XP level 6. HP: 29/39 MP: 6/6
  2767 | D:4      | Found a glowing drain.
  2771 | Sewer    | Entered a sewer
  2848 | Sewer    | Reached skill level 5 in Fighting
  2974 | Sewer    | Reached skill level 5 in Armour
  2974 | Sewer    | Reached skill level 5 in Shields
  2974 | Sewer    | Reached XP level 7. HP: 42/44 MP: 7/7
  3480 | D:4      | Found a shimmering altar of Xom.
  3581 | D:4      | Reached skill level 1 in Throwing
  3791 | D:4      | Reached skill level 1 in Dodging
  3948 | D:5      | Entered Level 5 of the Dungeon
  3973 | D:5      | Reached XP level 8. HP: 50/50 MP: 8/8
  4086 | D:5      | Reached skill level 5 in Maces & Flails
  4652 | D:6      | Found a basalt altar of Yredelemnul.
  4673 | D:6      | Reached XP level 9. HP: 56/56 MP: 9/9
  5056 | D:6      | Found a staircase to the Ecumenical Temple.
  5229 | Temple   | Entered the Ecumenical Temple
  5314 | Temple   | Became a worshipper of Warmaster Okawaru
  5425 | D:7      | Found Bunu Yhe's Assorted Antiques.
  5432 | D:7      | Bought a wooden wand for 72 gold pieces
  5432 | D:7      | Bought a sedimented pink potion for 16 gold pieces
  5432 | D:7      | Bought a bound copper ring for 90 gold pieces
  5432 | D:7      | Identified the ring of Traps {rF+ Will+} (You bought it in
                  | a shop on level 7 of the Dungeon)
  5479 | D:7      | Reached skill level 1 in Invocations
  5650 | D:7      | Found a blossoming altar of Fedhas.
  6042 | D:7      | Found a hide-covered altar of Uskayaw.
  6044 | D:7      | Found a snail-covered altar of Cheibriados.
  6356 | D:8      | Reached * piety under Okawaru
  6488 | D:8      | Reached XP level 10. HP: 63/63 MP: 12/12
  6928 | D:7      | Found a shadowy altar of Dithmenos.
  6928 | D:7      | Found a stormy altar of Qazlal.
  6928 | D:7      | Found a broken altar of Ashenzari.
  7311 | D:9      | Found a staircase to the Lair.
  7436 | D:9      | Reached ** piety under Okawaru
  7734 | D:9      | Killed an unseen horror
  7919 | D:10     | Entered Level 10 of the Dungeon
  7934 | D:10     | Noticed Sonja
  7976 | D:10     | Found a glowing golden altar of the Shining One.
  7982 | D:10     | Killed Sonja
  7982 | D:10     | Reached *** piety under Okawaru
  8145 | D:10     | Noticed a two-headed ogre
  8153 | D:10     | Killed a two-headed ogre
  8253 | D:10     | Found Mygug's Armour Boutique.
  8336 | D:10     | Reached skill level 1 in Evocations
  8336 | D:10     | Reached XP level 11. HP: 71/71 MP: 13/15
  8337 | D:10     | Reached skill level 10 in Armour
  8337 | D:10     | Reached XP level 12. HP: 77/77 MP: 13/17
  8780 | D:11     | Reached skill level 10 in Fighting
  8846 | D:11     | Reached skill level 10 in Shields
  8879 | D:11     | Reached **** piety under Okawaru
  9042 | D:11     | Noticed Urug
  9077 | D:11     | Killed Urug
  9078 | D:11     | Reached skill level 5 in Throwing
  9078 | D:11     | Reached XP level 13. HP: 38/82 MP: 18/18
  9738 | D:12     | Found a staircase to the Orcish Mines.
  9842 | D:12     | Reached ***** piety under Okawaru
 10322 | D:12     | Identified the +0 hat of the Louse {Int+3} (Okawaru gifted
                  | it to you on level 12 of the Dungeon)
 10322 | D:12     | Received a gift from Okawaru
 10719 | D:13     | Reached skill level 5 in Dodging
 10964 | D:13     | You fall into a shaft and drop 2 floors!
 10964 | D:15     | Entered Level 15 of the Dungeon
 11603 | D:14     | Noticed Rupert
 11616 | D:14     | Killed Rupert
 11617 | D:14     | Reached skill level 10 in Maces & Flails
 11667 | D:14     | Found a runed translucent gate.
 11667 | D:14     | Noticed arthad's ghost (journeyman DsGl)
 11668 | D:14     | Found a runed translucent gate.
 11669 | D:14     | Found a runed translucent gate.
 11671 | D:14     | Identified the ring of Datad {rF+ Will- MP+9 Str+3}
 11672 | D:14     | Identified the +5 chain mail of Rationality {-Cast Will+
                  | Str+7}
 11817 | D:13     | Gained mutation: Your large and strong wings let you fly.
                  | [Gargoyle growth]
 11817 | D:13     | Reached XP level 14. HP: 29/90 MP: 20/20
 12041 | D:14     | Received a gift from Okawaru
 12187 | D:14     | Found a gate to the Vaults.
 12210 | D:14     | Received a gift from Okawaru
 12926 | Arena    | Entered the Arena
 13032 | D:15     | Received a gift from Okawaru
 13199 | D:15     | Received a gift from Okawaru
 13473 | D:15     | Received a gift from Okawaru
 13474 | D:15     | Reached skill level 10 in Invocations
 13526 | Abyss:2  | Cast into level 2 of the Abyss (a wizard)
 13561 | Abyss:2  | Noticed a tentacled starspawn
 13576 | Abyss:2  | Killed a tentacled starspawn
 13576 | Abyss:2  | Identified the +0 cloak "Udaot" {-Tele Harm rPois Regen+}
                  | (Okawaru gifted it to you on level 2 of the Abyss)
 13576 | Abyss:2  | Received a gift from Okawaru
 13635 | Abyss:2  | Noticed a profane servitor
 13671 | Abyss:2  | Noticed a starcursed mass
 13675 | Arena    | Entered the Arena
 13677 | Arena    | HP: 2/92 [starcursed mass/accursed screaming (8)]
 13719 | Abyss:2  | Gained mutation: You are occasionally teleported next to
                  | monsters. [a shining eye]
 13721 | Abyss:2  | Gained mutation: You are vulnerable to cold. (rC-) [a
                  | shining eye]
 13859 | Abyss:2  | Noticed a revenant
 13876 | Abyss:2  | Lost mutation: You are vulnerable to cold. (rC-) [potion of
                  | mutation]
 13876 | Abyss:2  | Lost mutation: You are occasionally teleported next to
                  | monsters. [potion of mutation]
 13876 | Abyss:2  | Gained mutation: You have a pair of small horns on your
                  | head. [potion of mutation]
 13876 | Abyss:2  | Gained mutation: You are agile. (Dex +4, Str/Int -1)
                  | [potion of mutation]
 13876 | Abyss:2  | Gained mutation: Your flesh is cold resistant. (rC+)
                  | [potion of mutation]
 13877 | Abyss:2  | Engulfed by a revenant's spectral mist

Illustrated notes

Levels and vault maps discovered:
D:1:      spicycebolla_arrival_ecumenical, layout_loops_ring
D:2:      minmay_skewed_foursquare, layout_basic, minmay_rat_gold_closets
D:3:      gammafunk_steamed_eel, layout_rooms, makhleb_altar_promises_db,
          nicolae_wu_jian_wuxing_cycle, serial_shops,
          nicolae_shop_overgrown_old_shop
D:4:      layout_basic, mainiacjoe_overflow_24_doors,
          mainiacjoe_overflow_catch_the_wave, gup_sewer_entry_spiral,
          uniq_sigmund
D:5:      layout_gridville, minmay_hedge_maze, minmay_fractal_squares_diagonal_5
D:6:      layout_loops_ring, kennysheep_mini, minmay_temple_entry_antechambers
D:7:      layout_loops_ring, lemuel_tele_altar, nicolae_overflow_hidden_temple,
          serial_shops, shop, kennysheep_generic_room_3
D:8:      layout_loops_ring, hangedman_abyss_or_decor_stabs,
          kennysheep_decorative_pillar, kennysheep_generic_room_9
D:9:      layout_gridville, lair_entry_dummy, palyth_stone_intersect,
          minmay_fire_ice_demons
D:10:     layout_stronghold, tso_metal_star, serial_shops, shop, uniq_sonja
D:11:     layout_basic, uniq_urug
D:12:     layout_long_grid, erik_orc_2, minivault_23, fungi_pond_lemuel
D:13:     layout_rooms
D:14:     layout_basic, erik_vaults_2, biasface_ghost_orc_armoury,
          serial_bayou_shore_a, uniq_rupert
D:15:     grunt_enter_depths_magical_seal, layout_loops_corners,
          xom_teletrap_fun
Temple:   dpeg_three_leaves_temple
Abyss:2:  base: D:14, bh_abyss_exit_spiral, evilmike_abyss_exit_4, base:
D:1

Skill      XL: |  1  2  3  4  5  6  7  8  9 10 11 12 13 14 |
---------------+-------------------------------------------+-----
Shields        | 4 5 6 7 9 10 11 12 | 12.1
Fighting       | 4 5 6 7 9 10 11 12 | 12.1
Armour         | 4 5 6 7 9 10 11 12 | 12.4
Maces & Flails | 3 4 5 6 8 9 10 | 10.9
Throwing       | 1 2 3 4 5 6 |  6.5
Dodging        | 1 2 4 5 |  5.8
Invocations    | 2 6 7 9 10 | 10.1
Evocations     | 1 2 |  2.6

Action                     |  1- 3 |  4- 6 |  7- 9 | 10-12 | 13-15 || total
---------------------------+-------+-------+-------+-------+-------++-------
  Melee: Flail             |   128 |   185 |       |       |   420 ||   733
         Mace              |       |   120 |   332 |   182 |   295 ||   929
  Throw: Boomerang         |       |     3 |     3 |    69 |    50 ||   125
         Dart              |       |       |       |       |    33 ||    33
         Javelin           |       |       |       |       |    34 ||    34
 Invoke: Heroism           |       |       |       |     1 |     8 ||     9
         Duel              |       |       |       |       |     2 ||     2
         Finesse           |       |       |       |       |     1 ||     1
  Evoke: Wand              |       |       |       |     2 |    22 ||    24
    Use: Scroll            |     2 |     9 |     6 |    10 |    11 ||    38
         Potion            |       |     1 |       |     2 |    15 ||    18
   Stab: Invisible         |       |       |       |       |     1 ||     1
 Armour: Scale mail        |    67 |   184 |   169 |   172 |   567 ||  1159
  Dodge: Dodged            |    59 |   152 |   174 |   104 |   431 ||   920
  Block: Buckler           |    23 |    63 |    81 |    55 |    47 ||   269
         Kite shield       |       |       |       |       |   431 ||   431
